 Dungeon Crawl Stone Soup version 0.25.1-2-g60ff931df9 (webtiles) character file.

Game seed: 121328330395944276

17612 gruber the Fighter (level 12, 0/112 HPs)
             Began as a Pale Draconian Transmuter on Oct 4, 2020.
             Was an Elder of Sif Muna.
             Slain by a red devil
             ... wielding a +0 trident
             ... summoned by a minotaur
              (7 damage)
             ... in a Gauntlet.
             The game lasted 00:16:45 (14776 turns).

gruber the Fighter (Pale Draconian Transmuter)     Turns: 14776, Time: 00:16:46

Health: 0/112      AC: 12    Str: 14    XL:     12   Next: 20%
Magic:  17/22      EV: 20    Int: 18    God:    Sif Muna [****..]
Gold:   714        SH:  5    Dex: 15    Spells: 10/25 levels left

rFire    + . .     SeeInvis +     - Unarmed
rCold    + . .     Gourm    .   (shield currently unavailable)
rNeg     . . .     Faith    .   (armour unavailable)
rPois    .         Spirit   .   R - +1 hat of Midnight {SInv}
rElec    .         Reflect  +   P - scarf {rC+ rF+}
rCorr    +         Harm     .   (gloves currently unavailable)
MR       .....     NoTele   +   E - +2 pair of boots "Woshehus" {rCorr Dex+4 Slay+3}
Stlth    +.........             F - amulet of reflection
HPRegen  0.28/turn              e - +4 ring of evasion
MPRegen  0.18/turn              z - ring of wizardry

@: mighty, blade hands, starving
A: breathe steam, unfitting armour, cold-blooded, AC +8
a: Breathe Steam, End Transformation, Channel Magic, Forget Spell, Divine
Exegesis, Renounce Religion


You were in a Gauntlet.
You worshipped Sif Muna.
Sif Muna was greatly pleased with you.
You were starving.
You had blades for hands.
You visited 3 branches of the dungeon, and saw 15 of its levels.
You also visited: Gauntlet.

You collected 714 gold pieces.

Inventory:

Hand Weapons
 B - the +9 rapier "Ebluk" (melded) {vorpal, *Rage rElec rC++ MR+}
   (You found it on level 8 of the Dungeon)

   It inflicts extra damage upon your enemies.
   It greatly protects you from cold.
   It insulates you from electricity.
   It affects your resistance to hostile enchantments.
   It may make you go berserk in combat.
Missiles
 a - 193 arrows
Armour
 m - a +1 pair of gloves (melded)
 E - the +2 pair of boots "Woshehus" (worn) {rCorr Dex+4 Slay+3}
   (You found it on level 8 of the Dungeon)

   It affects your dexterity (+4).
   It affects your accuracy and damage with ranged weapons and melee attacks
   (+3).
   It provides partial protection from all sources of acid and corrosion.
 P - a scarf of resistance (worn)
 R - the +1 hat of Midnight (worn) {SInv}
   (You found it in a Gauntlet)

   It lets you see invisible.
Jewellery
 e - a +4 ring of evasion (left scythe-like blade)
 n - an uncursed ring of resist corrosion
 y - an uncursed ring of positive energy
 z - a ring of wizardry (right scythe-like blade)
 F - an amulet of reflection (around neck)
 H - a +4 ring of protection {unknown}
 O - an uncursed ring of protection from magic {unknown}
Wands
 w - a wand of random effects (20)
 x - a wand of acid (21)
 A - a wand of clouds (3)
 G - a wand of polymorph (11)
 I - a wand of flame (19)
Scrolls
 d - 3 scrolls of enchant armour {unknown}
 f - 2 scrolls of enchant weapon {unknown}
 g - 16 scrolls of identify
 i - a scroll of teleportation {unknown}
 t - 7 scrolls of magic mapping {unknown}
 u - 2 scrolls of amnesia {unknown}
 v - 4 scrolls of remove curse {unknown}
 C - a scroll of random uselessness {unknown}
 D - 2 scrolls of immolation {unknown}
 J - a scroll of fog {unknown}
 L - a scroll of holy word {unknown}
 N - a scroll of noise {unknown}
 Q - a scroll of fear {unknown}
Potions
 b - 3 potions of magic
 h - 3 potions of brilliance
 j - a potion of curing
 k - a potion of flight
 l - 4 potions of haste
 o - a potion of mutation
 p - 3 potions of lignification
 q - 2 potions of invisibility
 r - 4 potions of stabbing
 s - a potion of might
 K - a potion of resistance {unknown}
 M - a potion of degeneration {unknown}
Comestibles
 c - 28 rations


   Skills:
 - Level 12.0 Fighting
 * Level 8.8 Short Blades
 - Level 6.2 Dodging
 - Level 7.0 Unarmed Combat
 - Level 7.1 Spellcasting
 - Level 8.0 Transmutations
 - Level 2.0 Ice Magic
 - Level 2.3 Poison Magic


You had 10 spell levels left.
You knew the following spells:

 Your Spells              Type           Power        Failure   Level  Hunger
a - Beastly Appendage     Tmut           #####.       4%          1    None
b - Sticks to Snakes      Tmut           #####...     4%          2    None
c - Spider Form           Tmut/Pois      ####......   12%         3    ##.....
d - Ice Form              Ice/Tmut       ###.....     24%         4    ####...
e - Blade Hands           Tmut           #####.....   21%         5    #####..

Your spell library contained the following spells:

 Spells                   Type           Power        Failure   Level  Hunger
 Petrify                  Tmut/Erth      ###.....     32%         4    ####...
 Confusing Touch          Hex            #.......     41%         3    ##.....
 Gell's Gravitas          Tloc           #.........   41%         3    ##.....
 Yara's Violent Unravell  Hex/Tmut       ###.......   54%         5    #####..
 Metabolic Englaciation   Hex/Ice        ##........   86%         5    #####..


Dungeon Overview and Level Annotations

Branches:
Dungeon (12/15)            Temple (1/1) D:5            Lair (2/6) D:10
    Orc (0/2) D:10        Gauntlet (1/1)
  Swamp: Lair:2-4    Shoals: Lair:2-4     Snake: Lair:2-4    Spider: Lair:2-4

Altars:
Ashenzari
Cheibriados
Dithmenos
Elyvilon
Fedhas
Gozag
Hepliaklqana
Kikubaaqudgha
Makhleb
Nemelex Xobeh
Okawaru
Qazlal
Ru
Sif Muna
Trog
Uskayaw
Vehumet
Wu Jian
Xom
Yredelemnul
Zin
The Shining One

Shops:
D:12 *

Annotations:
D:12 1 runed translucent door
Lair:1 exclusion: oklob plant
Lair:2 Maggie Gauntlet 8 transporters


Innate Abilities, Weirdness & Mutations

You can breathe blasts of scalding, opaque steam.
Your pale cyan-grey scales are hard. (AC +8)
You cannot fit into any form of body armour.
You are cold-blooded and may be slowed by cold attacks.


Message History

The fire bat is engulfed in noxious fumes.
The fire bat bites the fire bat.
The fire bat is engulfed in flames.
The fire bat completely resists.
The fire bat is engulfed in noxious fumes.
The fire bat appears confused.
The fire bat is engulfed in noxious fumes.
The fire bat appears confused.
Your ball python bites the minotaur but does no damage.
Your ball python constricts the minotaur.
The fire bat is engulfed in noxious fumes.
The fire bat bites the fire bat.
The fire bat is engulfed in flames.
The fire bat completely resists.
The fire bat is engulfed in noxious fumes.
The fire bat appears confused.
The fire bat bites the fire bat but does no damage.
The minotaur is engulfed in noxious fumes.
You block the minotaur's attack. The minotaur gores you.
* * * LOW HITPOINT WARNING * * *
The red devil hits you from afar with a +0 trident!
You die...

#≈#≈#≈#≈#≈####.......####≈#≈#≈#≈#
#############..8.8.8..###########
##...©.©SS...## #.....SSS.....#
######.####### #####S# #.S.S.#
#.####### #S#S@S..# #S#H###.#
#.#4 #.# #S#b #S# #S#b #S# #.#.
#S# #.#####.# #.S.S..S# #########


You could see a minotaur, a red devil (summoned), 2 fire bats and 2 friendly
ball pythons.

Vanquished Creatures
  2 two-headed ogres (D:9)
  A thrashing horror (Gauntlet)
  An unseen horror (D:12)
  Pikel (D:5)
  5 ugly things
  A manticore (D:11)
  Joseph (D:7)
  A molten gargoyle (Gauntlet)
  2 spiny frogs (Lair:1)
  3 komodo dragons
  A hornet (D:11)
  A hippogriff (D:12)
  4 slime creatures (D:12)
  Sigmund (D:2)
  A vampire (D:11)
  4 yaks (D:12)
  2 steam dragons
  2 water moccasins
  A soldier ant (D:11)
  4 porcupines (Lair:1)
  8 orc warriors
  3 sky beasts
  3 small abominations (Gauntlet)
  A slave (D:5)
  3 black bears
  An eye of draining (D:9)
  4 ogres
  2 centaurs
  3 crocodiles
  A big kobold (D:11)
  12 bullfrogs
  2 scorpions
  13 killer bees
  9 wights
  A howler monkey (D:7)
  4 centaur zombies
  2 crimson imps
  7 hounds
  A quasit (D:6)
  A gnoll shaman (D:7)
  7 jellies
  4 bullfrog skeletons
  7 orc priests
  Jessica (D:2)
  6 centaur skeletons
  4 iguanas
  7 orc wizards
  9 worker ants
  A hound zombie (D:11)
  A hound skeleton (D:9)
  2 worker ant zombies
  2 howler monkey zombies
  4 gnolls (D:7)
  15 adders
  2 howler monkey skeletons
  5 oozes (D:9)
  An adder zombie (D:5)
  4 worms
  5 dart slugs
  9 leopard geckos
  34 orcs
  8 giant cockroaches
  3 goblins
  11 hobgoblins
  7 jackals
  6 quokkas
  2 ball pythons
  6 bats
  7 frilled lizards
  10 kobolds
  2 leopard gecko zombies
  A quokka skeleton (D:4)
  6 rats
  A spectral orc (D:3)
320 creatures vanquished.

Vanquished Creatures (others)
  3 fungi (Gauntlet)
  3 plants
6 creatures vanquished.

Grand Total: 326 creatures vanquished

Notes
Turn   | Place    | Note
-------+----------+-------------------------------------------
     0 | D:1      | gruber the Draconian Transmuter began the quest for the
                  | Orb.
     0 | D:1      | Reached XP level 1. HP: 16/16 MP: 3/3
   172 | D:1      | Reached XP level 2. HP: 23/23 MP: 5/5
   190 | D:1      | Learned a level 2 spell: Sticks to Snakes
   640 | D:1      | Reached XP level 3. HP: 22/28 MP: 6/6
   803 | D:1      | You fall into a shaft and drop 1 floor!
  1098 | D:2      | Learned a level 3 spell: Spider Form
  1202 | D:2      | Found a hide-covered altar of Uskayaw.
  1216 | D:2      | Found a shadowy altar of Dithmenos.
  1248 | D:2      | Reached XP level 4. HP: 35/35 MP: 7/7
  1280 | D:2      | Reached skill level 5 in Unarmed Combat
  1290 | D:2      | Noticed Jessica
  1306 | D:2      | Killed Jessica
  1899 | D:2      | Noticed Sigmund
  1912 | D:2      | Killed Sigmund
  1912 | D:2      | Reached XP level 5. HP: 36/40 MP: 5/8
  1912 | D:2      | Reached XP level 6. HP: 43/47 MP: 5/9
  2182 | D:2      | You fall into a shaft and drop 1 floor!
  2567 | D:3      | Reached skill level 1 in Poison Magic
  2622 | D:3      | Found a basalt altar of Yredelemnul.
  3466 | D:4      | Found a stormy altar of Qazlal.
  3532 | D:4      | Found a white marble altar of Elyvilon.
  3559 | D:4      | Found a sacrificial altar of Ru.
  3647 | D:4      | Your scales start taking on a pale cyan-grey colour.
  3647 | D:4      | Reached XP level 7. HP: 44/52 MP: 7/10
  4125 | D:5      | Entered Level 5 of the Dungeon
  4151 | D:5      | Found a staircase to the Ecumenical Temple.
  4156 | D:5      | Reached skill level 5 in Transmutations
  4163 | Temple   | Entered the Ecumenical Temple
  4371 | Temple   | Became a worshipper of Sif Muna the Loreminder
  4527 | D:5      | Noticed Pikel
  4555 | D:5      | Killed Pikel
  4555 | D:5      | Reached XP level 8. HP: 32/59 MP: 11/11
  4727 | D:5      | Found a hide-covered altar of Uskayaw.
  4761 | D:5      | Found an ancient bone altar of Kikubaaqudgha.
  4803 | D:5      | Found a bloodstained altar of Trog.
  4854 | D:5      | Found a shattered altar of Ashenzari.
  5086 | D:6      | Learned a level 4 spell: Ice Form
  5276 | D:6      | Found a sparkling altar of Nemelex Xobeh.
  5386 | D:6      | Reached * piety under Sif Muna
  5774 | D:7      | Reached skill level 5 in Spellcasting
  5778 | D:7      | Reached XP level 9. HP: 14/64 MP: 13/17
  5995 | D:7      | Reached skill level 1 in Ice Magic
  6010 | D:7      | HP: 3/64 [orc wizard/magic dart (7)]
  6363 | D:7      | Found a burning altar of Makhleb.
  6365 | D:7      | Noticed Joseph
  6378 | D:7      | Killed Joseph
  6688 | D:7      | Learned a level 5 spell: Blade Hands
  7188 | D:8      | Found a glowing golden altar of the Shining One.
  7225 | D:8      | Got a polished rapier
  7226 | D:8      | Identified the +9 rapier "Ebluk" {vorpal, *Rage rElec rC++
                  | MR+} (You found it on level 8 of the Dungeon)
  7278 | D:8      | Reached skill level 1 in Short Blades
  7584 | D:8      | Reached ** piety under Sif Muna
  7593 | D:8      | Got a pair of encrusted boots
  7599 | D:8      | Identified the +2 pair of boots "Woshehus" {rCorr Dex+4
                  | Slay+3} (You found it on level 8 of the Dungeon)
  7989 | D:8      | Found a snail-covered altar of Cheibriados.
  8178 | D:9      | Reached skill level 5 in Short Blades
  8450 | D:9      | Noticed a two-headed ogre
  8463 | D:9      | Killed a two-headed ogre
  8463 | D:9      | Reached XP level 10. HP: 71/71 MP: 14/20
  8542 | D:9      | Noticed a two-headed ogre
  8554 | D:9      | Killed a two-headed ogre
  8614 | D:9      | Found a glowing silver altar of Zin.
  8790 | D:10     | Entered Level 10 of the Dungeon
  8818 | D:10     | Reached skill level 2 in Fighting
  9067 | D:10     | Reached skill level 3 in Fighting
  9328 | D:10     | Found a staircase to the Orcish Mines.
  9391 | D:10     | Reached skill level 4 in Fighting
  9400 | D:10     | Reached *** piety under Sif Muna
  9403 | D:10     | Reached skill level 5 in Fighting
  9506 | D:10     | Reached skill level 6 in Fighting
 10047 | D:10     | Found a staircase to the Lair.
 10064 | D:10     | Reached skill level 7 in Fighting
 10345 | D:11     | Noticed a manticore
 10349 | D:11     | Reached skill level 8 in Fighting
 10356 | D:11     | Killed a manticore
 10356 | D:11     | Reached XP level 11. HP: 73/95 MP: 21/21
 10569 | D:11     | Noticed a green ugly thing
 10571 | D:11     | Noticed a cyan ugly thing
 10587 | D:11     | Killed a green ugly thing
 10587 | D:11     | Reached **** piety under Sif Muna
 10594 | D:11     | Killed a green ugly thing
 11016 | D:11     | Reached skill level 5 in Dodging
 11412 | D:12     | Noticed a red ugly thing
 11430 | D:12     | Killed a red ugly thing
 11634 | D:12     | Killed an unseen horror
 11716 | D:12     | Reached skill level 9 in Fighting
 11952 | D:12     | Noticed a purple ugly thing
 11955 | D:12     | Killed a purple ugly thing
 12012 | D:12     | Found Uvoubod's Assorted Antiques.
 12081 | D:12     | Noticed a red ugly thing
 12088 | D:12     | Killed a red ugly thing
 12088 | D:12     | Reached skill level 10 in Fighting
 12115 | D:12     | Noticed an iron dragon
 12115 | D:12     | Noticed a tengu reaver
 12115 | D:12     | Noticed a frost giant
 12116 | D:12     | Found a runed translucent door.
 12702 | D:12     | Reached skill level 11 in Fighting
 13047 | Lair:1   | Entered Level 1 of the Lair of Beasts
 13349 | Lair:1   | Reached XP level 12. HP: 57/110 MP: 19/22
 14446 | Lair:2   | Found a gate leading to a gauntlet.
 14446 | Lair:2   | Noticed Maggie
 14450 | Gauntlet | Entered a Gauntlet
 14450 | Gauntlet | Found a transporter.
 14459 | Gauntlet | Found a transporter.
 14460 | Gauntlet | Noticed a catoblepas
 14475 | Gauntlet | Found a transporter.
 14479 | Gauntlet | Found a transporter.
 14496 | Gauntlet | Found a transporter.
 14509 | Gauntlet | Found a transporter.
 14510 | Gauntlet | Noticed a death yak
 14511 | Gauntlet | Noticed a death yak
 14511 | Gauntlet | Noticed a death yak
 14514 | Gauntlet | Found a transporter.
 14518 | Gauntlet | Found a transporter.
 14545 | Gauntlet | Found a transporter.
 14564 | Gauntlet | Found a transporter.
 14566 | Gauntlet | Found a transporter.
 14566 | Gauntlet | Noticed a ghost crab
 14574 | Gauntlet | Found a transporter.
 14636 | Gauntlet | Reached skill level 12 in Fighting
 14717 | Gauntlet | Got a twisted hat
 14718 | Gauntlet | Identified the +1 hat of Midnight {SInv} (You found it in a
                  | Gauntlet)
 14759 | Gauntlet | Noticed a minotaur
 14775 | Gauntlet | HP: 1/112 [red devil/+0 trident[a minotaur] (5)]
 14776 | Gauntlet | Slain by a red devil

Illustrated notes

Levels and vault maps discovered:
D:1:      zelgadis_glass_arrival_small, layout_loops_ring, minmay_lizard_pond
D:2:      layout_loops_ring, grunt_temple_overflow_open, uniq_jessica,
          uniq_sigmund
D:3:      layout_basic, yredelemnul_forgotten_temple_becter,
          chequers_serial_rivers_micro_d
D:4:      layout_rooms, nicolae_ru_great_annihilating_truth,
          nicolae_overflow_crystal_walls, lemuel_doored_altar, first_ration,
          kennysheep_generic_room_12
D:5:      layout_rooms, kennysheep_mini_moat, kennysheep_mini,
          lemuel_round_altar, minmay_temple_entry_arrows, basic_altar,
          uniq_pikel
D:6:      layout_rooms, basic_altar
D:7:      layout_loops_ring, nicolae_overflow_hidden_temple, uniq_joseph
D:8:      layout_loops_corners, nicolae_tso_carved_into_rock,
          cheibrodos_worm_habitat
D:9:      layout_rooms, kennysheep_little_box, hangedman_little_slice_of_home
D:10:     layout_long_grid, david_lair_shrubbed, david_orc_4
D:11:     layout_rooms
D:12:     layout_basic, serial_shops, nicolae_shop_trees,
          kennysheep_treasure_room
Temple:   compressed_dpeg_triangle_lava_temple
Lair:1:   minmay_lair_oklob_tunnel, layout_small_grid
Lair:2:   layout_cave_shapes, serial_rivers, chequers_serial_rivers_small_3,
          chequers_serial_rivers_small_3, chequers_serial_rivers_micro_a,
          chequers_serial_rivers_micro_b, chequers_serial_rivers_small_a,
          chequers_serial_rivers_small_a, gauntlet_entry_generic, uniq_fannar,
          uniq_erica, uniq_maggie
Gauntlet: minmay_gauntlet_mixed_oops_all_seconds
          [minmay_gauntlet_arena_77_double_cross,
          gammafunk_gauntlet_arena_arrow_garden,
          minmay_gauntlet_arena_77_checkered, gammafunk_gauntlet_arena_split_x,
          minmay_gauntlet_arena_77_block_sizes, gammafunk_gauntlet_arena_teeth,
          gauntlet_exit_spiral]

Skill      XL: |  1  2  3  4  5  6  7  8  9 10 11 12 |
---------------+-------------------------------------+-----
Unarmed Combat | 4 6 7 |  7.0
Poison Magic   | 2 |  2.3
Transmutations | 3 7 8 |  8.0
Spellcasting   | 5 7 |  7.1
Ice Magic      | 2 |  2.0
Short Blades   | 6 8 |  8.8
Fighting       | 8 11 12 | 12.0
Dodging        | 6 |  6.2

Action                   |  1- 3 |  4- 6 |  7- 9 | 10-12 || total
-------------------------+-------+-------+-------+-------++-------
Melee: Unarmed           |   135 |   190 |   201 |    51 ||   577
       Tailslap          |    18 |    16 |    14 |    55 ||   103
       Headbutt          |     2 |     1 |       |       ||     3
       Kick              |     4 |     8 |       |       ||    12
       Punch             |     3 |     1 |     4 |    13 ||    21
       Rapier            |       |       |    65 |   313 ||   378
 Cast: Beastly Appendage |     5 |     3 |     1 |       ||     9
       Spider Form       |       |     6 |    12 |     1 ||    19
       Ice Form          |       |       |     1 |     1 ||     2
       Sticks to Snakes  |       |       |     3 |    12 ||    15
       Blade Hands       |       |       |       |     3 ||     3
 Abil: Breathe Steam     |       |       |    15 |    27 ||    42
Evoke: Wand              |       |       |     4 |     1 ||     5
  Use: Scroll            |       |       |     9 |     1 ||    10
       Potion            |       |       |     2 |     2 ||     4
 Stab: Sleeping          |     2 |     1 |     2 |     1 ||     6
  Eat: Chunk             |     1 |     9 |    14 |    19 ||    43
       Ration            |       |       |     1 |     1 ||     2
Armor: Skin              |    29 |    44 |    32 |    83 ||   188
Dodge: Dodged            |   133 |   158 |   205 |   253 ||   749
Block: Other             |       |       |       |     7 ||     7
